 Dungeon Crawl Stone Soup version 0.29-a0-1008-g949cc1d0fb (webtiles) character file.

Game seed: 8133915300197339118

114 siradein the Trooper (level 4, -3/41 HPs)
             Began as a Minotaur Berserker on Aug 7, 2022.
             Was a Believer of Trog.
             Slain by SkeletonJelly's ghost (4 damage)
             ... on level 3 of the Dungeon.
             The game lasted 00:02:49 (2677 turns).

siradein the Trooper (Minotaur Berserker)           Turns: 2677, Time: 00:02:50

Health: -3/41      AC:  6    Str: 23    XL:     4   Next: 66%
Magic:  3/3        EV: 11    Int:  4    God:    Trog [**....]
Gold:   157        SH:  0    Dex: 10    Spells: 3/3 levels left

rFire   . . .      SeeInvis .   a - +0 spear
rCold   . . .      Faith    .   (no shield)
rNeg    . . .      Spirit   .   d - +0 ring mail
rPois   +          Reflect  .   (helmet restricted)
rElec   .          Harm     .   (no cloak)
rCorr   .          Rampage  .   (no gloves)
Will    .....                   g - +0 pair of boots
Stlth   ..........              (no amulet)
HPRegen 0.13/turn               i - ring of poison resistance
MPRegen 0.08/turn               (no ring)

@: on berserk cooldown, slowed, very slow
A: horns 2, retaliatory headbutt
a: Renounce Religion, Berserk, Trog's Hand


You were on level 3 of the Dungeon.
You worshipped Trog.
Trog was pleased with you.
You visited 1 branch of the dungeon, and saw 3 of its levels.

You collected 157 gold pieces.

Inventory:

Hand Weapons
 a - a +0 spear (weapon)
Armour
 d - a +0 ring mail (worn)
 g - a +0 pair of boots (worn)
Jewellery
 h - a +6 ring of intelligence
 i - a ring of poison resistance (left hand)
Wands
 n - a wand of mindburst (10)
Scrolls
 c - 2 scrolls of teleportation {unknown}
 e - 2 scrolls of magic mapping {unknown}
 f - a scroll of vulnerability {unknown}
 j - a scroll of fog {unknown}
 m - a scroll of enchant armour {unknown}
 p - 2 scrolls of enchant weapon {unknown}
 v - a scroll of identify {unknown}
 w - a scroll of immolation {unknown}
Potions
 b - a potion of invisibility {unknown}
 k - a potion of berserk rage {unknown}
 l - 2 potions of curing {unknown}
 o - a potion of ambrosia {unknown}
 q - a potion of haste {unknown}
 r - 2 potions of brilliance {unknown}
 s - 2 potions of might {unknown}
 t - a potion of magic {unknown}
 u - a potion of lignification {unknown}


   Skills:
 + Level 4.5 Fighting
 + Level 4.5 Polearms
 + Level 3.6 Armour
 + Level 3.2 Dodging


You had 3 spell levels left.
You didn't know any spells.
Your spell library was empty.

Dungeon Overview and Level Annotations

Branches:
Dungeon (3/15)

Altars:
Trog

Annotations:
D:3 SkeletonJelly's ghost, weakling DrMo


Innate Abilities, Weirdness & Mutations

You have a pair of horns on your head.
You reflexively headbutt those who attack you in melee.


Message History

You feel strong-willed.
SkeletonJelly's ghost closely misses you.
SkeletonJelly's ghost hits you.
* * * LOW HITPOINT WARNING * * *
You closely miss SkeletonJelly's ghost.
Your headbutt misses SkeletonJelly's ghost.
SkeletonJelly's ghost is heavily damaged.
SkeletonJelly's ghost hits you but does no damage.
You miss SkeletonJelly's ghost.
Your headbutt misses SkeletonJelly's ghost.
SkeletonJelly's ghost is heavily damaged.
SkeletonJelly's ghost hits you.
* * * LOW HITPOINT WARNING * * *
You completely miss SkeletonJelly's ghost.
Your headbutt misses SkeletonJelly's ghost.
SkeletonJelly's ghost is heavily damaged.
SkeletonJelly's ghost hits you.
* * * LOW HITPOINT WARNING * * *
SkeletonJelly's ghost barely misses you.
You furiously retaliate!
You headbutt SkeletonJelly's ghost, but do no damage.
You feel the effects of Trog's Hand fading.
SkeletonJelly's ghost hits you but does no damage.
The kobold brigand throws a curare-tipped dart.
The curare-tipped dart hits you. SkeletonJelly's ghost hits you.
* * * LOW HITPOINT WARNING * * *
Your skin stops crawling.
You feel less strong-willed. SkeletonJelly's ghost hits you.
* * * LOW HITPOINT WARNING * * *
SkeletonJelly's ghost attacks as you move away!
SkeletonJelly's ghost barely misses you.
SkeletonJelly's ghost attacks as you move away!
SkeletonJelly's ghost hits you!
* * * LOW HITPOINT WARNING * * *
SkeletonJelly's ghost closely misses you.
You furiously retaliate!
You headbutt SkeletonJelly's ghost.
SkeletonJelly's ghost attacks as you move away!
SkeletonJelly's ghost hits you.
You die...

.........## #..# ..........#
##K# ..........# #K#
..........######.#####
...............KK....#
..........######K###.#
.........#### #.# #.#
............# #W# #.#
..#.#....##.# #@###.##
..#.##.#.##.# #......#
..#.##....#.# ##......#####
....###.#...###...........##
#...###.....##.............##
##...######.#..#.#..........#
##............#.#..........#
# #.##########...#..........#
# #.# ###............#


You could see a kobold brigand, SkeletonJelly's ghost and 4 kobolds.

Vanquished Creatures
  An orc priest (D:3)
  Robin (D:2)
  An adder (D:3)
  3 worms
  3 orcs (D:3)
  4 ball pythons
  8 endoplasms
  7 goblins
  6 hobgoblins
  A quokka (D:3)
  3 bats
  4 frilled lizards
  5 kobolds
  3 rats (D:1)
50 creatures vanquished.

Notes
Turn   | Place    | Note
-------+----------+-------------------------------------------
     0 | D:1      | siradein the Minotaur Berserker began the quest for the
                  | Orb.
     0 | D:1      | Reached XP level 1. HP: 19/19 MP: 0/0
   446 | D:1      | Reached XP level 2. HP: 27/27 MP: 1/1
   692 | D:1      | Found a faded altar of an unknown god.
   706 | D:1      | Reached ** piety under Trog
  1295 | D:2      | Reached XP level 3. HP: 33/33 MP: 2/2
  1329 | D:2      | Noticed Robin
  1336 | D:2      | Killed Robin
  1583 | D:2      | Found a bloodstained altar of Trog.
  2124 | D:3      | Reached XP level 4. HP: 38/41 MP: 3/3
  2222 | D:3      | Found a runed translucent gate.
  2223 | D:3      | Found a runed translucent gate.
  2223 | D:3      | Found a runed translucent gate.
  2223 | D:3      | Noticed SkeletonJelly's ghost (weakling DrMo)
  2223 | D:3      | Noticed a kobold brigand
  2675 | D:3      | HP: 1/41 [SkeletonJelly's ghost (7)]
  2677 | D:3      | Slain by SkeletonJelly's ghost

Illustrated notes

Levels and vault maps discovered:
D:1:      erik_arrival_blinker_ship, layout_loops_cross,
          hellmonk_ecumenical_altar_heavens_door
D:2:      layout_loops_ring, basic_altar, uniq_robin
D:3:      layout_rooms, gammafunk_ghost_nasty_kobolds, grunt_ministairs_2

Skill      XL: |  1  2  3  4 |
---------------+-------------+-----
Polearms       | 4 |  4.5
Fighting       | 4 |  4.5
Armour         | 3 |  3.6
Dodging        | 3 |  3.2

Action                   |  1- 3 |  4- 6 || total
-------------------------+-------+-------++-------
Melee: Spear             |   114 |    69 ||   183
       Headbutt          |    11 |     3 ||    14
Invok: Berserk           |       |     1 ||     1
       Trog's Hand       |       |     1 ||     1
 Stab: Sleeping          |     2 |       ||     2
Armor: Animal skin       |     3 |       ||     3
       Ring mail         |    11 |    15 ||    26
Dodge: Dodged            |    29 |    25 ||    54

Table legend: (Time is in decaauts)
 A = Elapsed time spent in this place.
 B = Non-inter-level travel time spent in this place.
 C = Inter-level travel time spent in this place.
 D = Time resting spent in this place.
 E = Time spent auto-exploring this place.
 F = Levels seen in this place.
 G = Mean time per level.
                   A        B        C        D        E       F      G
               +--------+--------+--------+--------+--------+-----+--------+
         Total |   2659 |   2595 |     64 |      0 |   2213 |   3 |  886.3 |
       Dungeon |   2659 |   2595 |     64 |      0 |   2213 |   3 |  886.3 |
               +--------+--------+--------+--------+--------+-----+--------+

Top non-repeatable levels by time:
     D:1: 1196 daAuts
     D:2: 781 daAuts
     D:3: 681 daAuts
